 Dungeon Crawl Stone Soup version 0.28-a0-1147-gc7b72d3202 (webtiles) character file.

Game seed: 6230640092967904710

116 Htamos the Conjurer (level 4, -2/33 HPs)
             Began as a Demigod Conjurer on Dec 14, 2021.
             Killed from afar by Sigmund (5 damage)
             ... with a puff of flame
             ... on level 2 of the Dungeon.
             The game lasted 00:05:17 (2178 turns).

Htamos the Conjurer (Demigod Conjurer)              Turns: 2178, Time: 00:05:18

Health: -2/33      AC:  5    Str:  8    XL:     4   Next: 43%
Magic:  10/10      EV: 10    Int: 24    God:
Gold:   84         SH:  0    Dex: 12    Spells: 3/8 levels left

rFire   . . .      SeeInvis .   i - +0 flail
rCold   + . .      Faith    .   (no shield)
rNeg    . . .      Spirit   .   h - +0 ring mail {rC+}
rPois   .          Reflect  .   (no helmet)
rElec   .          Harm     .   (no cloak)
rCorr   .          Rampage  .   (no gloves)
Will    .....                   (no boots)
Stlth   +.........              (no amulet)
HPRegen 0.11/turn               (no ring)
MPRegen 0.12/turn               (no ring)

@: weak-willed
A: high mp 1, forlorn, divine attributes
a: no special abilities


You were on level 2 of the Dungeon.
You visited 1 branch of the dungeon, and saw 2 of its levels.

You collected 84 gold pieces.

Inventory:

Hand Weapons
 b - a +0 short sword
 i - a +0 flail (weapon)
Missiles
 c - 32 stones
Armour
 a - a +0 robe
 e - a +0 ring mail
 h - a +0 ring mail of cold resistance (worn)
 k - a +0 chain mail
Jewellery
 j - a ring of resist corrosion
Scrolls
 l - a scroll of immolation
 m - a scroll of noise


   Skills:
 - Level 1.7 Dodging
 - Level 1.7 Stealth
 + Level 2.7 Spellcasting
 * Level 5.0 Conjurations


You had 3 spell levels left.
You knew the following spells:

 Your Spells              Type           Power      Damage    Failure   Level
a - Magic Dart            Conj           100%       1d8       4%          1
b - Fulminant Prism       Conj/Hex       7%         3d7       77%         4

Your spell library contained the following spells:

 Spells                   Type           Power      Damage    Failure   Level
 Searing Ray              Conj           54%        2d6       6%          2
 Dazzling Flash           Conj/Hex       30%        N/A       36%         3
 Iskenderun's Mystic Bla  Conj/Tloc      15%        2d5       77%         4


Dungeon Overview and Level Annotations

Branches:
Dungeon (2/15)

Annotations:
D:2 Sigmund


Innate Abilities, Weirdness & Mutations

You have an increased reservoir of magic. (+10% MP)
You shall have no god before yourself.
Your divine heritage dramatically boosts your attributes as you level up.


Message History

You now have 58 gold pieces (gained 7).
You now have 69 gold pieces (gained 11).
Things that are here:
a +0 flail; an orc skeleton
Things that are here:
a +0 dagger; an orc skeleton
Items here: )) [ ÷÷.
Found 15 sling bullets.
Really walk into a travel-excluded area?
Found a scroll labelled POURCHA OTSU.
Unknown command.
You now have 84 gold pieces (gained 15).
c - 32 stones (gained 3)
You see here a +0 whip.
Found a ring mail.
You see here 15 sling bullets.
l - 2 scrolls labelled POURCHA OTSU (gained 1) Sigmund the Dreaded comes into view.
He is wielding a +0 scythe and carrying a wand of flame (16).
Sigmund zaps a wand.
The puff of flame hits you!
Sigmund is nearby!
You aren't carrying any items that you can evoke.
As you read the scroll labelled POURCHA OTSU, it crumbles to dust.
The creatures around you are filled with an inner flame!
It was a scroll of immolation.
You aren't carrying any potions.
Unknown command.
As you read the scroll labelled VID SISSYES, it crumbles to dust.
It is a scroll of identify.
m - a scroll of noise
As you read the scroll labelled TOIJINL OBBYR, it crumbles to dust.
Magic quickly surges around you.
It was a scroll of vulnerability.
Sigmund zaps a wand.
The puff of flame hits you!
* * * LOW HITPOINT WARNING * * *
Sigmund zaps a wand.
The puff of flame hits you!
* * * LOW HITPOINT WARNING * * *
You see here 15 sling bullets.
You see here a +0 whip.
Sigmund gestures at you while chanting. The puff of flame hits you.
You die...

.......#..>##........###...
>....................###...
.....###..##...............
......##..##............#..
.......#..##............#..
.........................#
..................)...##.#
............#.....##.....#
............##..@..##(#..##
......†.....###.##..#.##..#
......###.####..##....@##.#######
).....###.###<.###..##......@....
#####.##..#...####.#####.........
..................... #.[.......
#.................### #.........
#..........#####..# #....$....
#.........## #.## #.........


You could see Sigmund (inner flame, weak-willed).

Vanquished Creatures
  Terence (D:1)
  An orc wizard (D:2)
  A gnoll (D:1)
  2 worms
  4 orcs (D:2)
  5 bats
  An endoplasm (D:1)
  A giant cockroach (D:1)
  3 goblins
  7 hobgoblins
  A quokka (D:1)
  10 ball pythons
  2 frilled lizards
  6 kobolds
  A rat (D:1)
46 creatures vanquished.

Notes
Turn   | Place    | Note
-------+----------+-------------------------------------------
     0 | D:1      | Htamos the Demigod Conjurer began the quest for the Orb.
     0 | D:1      | Reached XP level 1. HP: 14/14 MP: 5/5
   210 | D:1      | Reached XP level 2. HP: 13/20 MP: 2/7
   344 | D:1      | Reached skill level 4 in Conjurations
   824 | D:1      | Reached XP level 3. HP: 26/26 MP: 5/9
  1163 | D:2      | Noticed Terence
  1211 | D:1      | Killed Terence
  1647 | D:2      | Reached XP level 4. HP: 33/33 MP: 7/10
  1852 | D:2      | Learned a level 4 spell: Fulminant Prism
  1884 | D:2      | Reached skill level 5 in Conjurations
  2164 | D:2      | Noticed Sigmund
  2178 | D:2      | Killed from afar by Sigmund

Illustrated notes

Levels and vault maps discovered:
D:1:      lemuel_arrival_hallway, layout_basic,
          nicolae_ecumenical_snake_handling, minivault_27, minmay_distorted
D:2:      layout_rooms, minmay_pentomino_w2, uniq_terence, uniq_sigmund

Skill      XL: |  1  2  3  4 |
---------------+-------------+-----
Spellcasting   | 2 |  2.7
Conjurations   | 4 5 |  5.0
Dodging        | |  1.7
Stealth        | |  1.7

Action                   |  1- 3 |  4- 6 || total
-------------------------+-------+-------++-------
Melee: Unarmed           |     3 |       ||     3
       Short sword       |     4 |       ||     4
       Flail             |       |     7 ||     7
 Cast: Magic Dart        |    89 |    20 ||   109
  Use: Scroll            |       |     3 ||     3
       Potion            |       |     3 ||     3
Armor: Robe              |     5 |       ||     5
       Ring mail         |       |    16 ||    16
Dodge: Dodged            |    18 |     7 ||    25

Table legend: (Time is in decaauts)
 A = Elapsed time spent in this place.
 B = Non-inter-level travel time spent in this place.
 C = Inter-level travel time spent in this place.
 D = Time resting spent in this place.
 E = Time spent auto-exploring this place.
 F = Levels seen in this place.
 G = Mean time per level.
                   A        B        C        D        E       F      G
               +--------+--------+--------+--------+--------+-----+--------+
         Total |   2194 |   2132 |     62 |     83 |   1645 |   2 | 1097.0 |
       Dungeon |   2194 |   2132 |     62 |     83 |   1645 |   2 | 1097.0 |
               +--------+--------+--------+--------+--------+-----+--------+

Top non-repeatable levels by time:
     D:1: 1342 daAuts
     D:2: 852 daAuts
